 Dungeon Crawl Stone Soup version 0.19-a0-854-gc78d25d (webtiles) character file.

374 sudo the Slasher (level 6, -2/47 HPs)
             Began as a High Elf Monk on July 1, 2016.
             Slain by an iguana (11 damage)
             ... on level 4 of the Dungeon.
             The game lasted 00:05:52 (3091 turns).

sudo the Slasher (High Elf Monk)                    Turns: 3091, Time: 00:05:52

Health: -2/47      AC: 11    Str: 12    XL:     6   Next: 43%
Magic:  7/7        EV: 16    Int: 14    God:
Gold:   200        SH:  0    Dex: 18    Spells: 0 memorised, 5 levels left

rFire  . . .     SeeInvis .     a - +0 falchion
rCold  . . .     Gourm    .     k - +2 robe {rN+}
rNeg   + . .     Faith    .     (no shield)
rPois  +         Spirit   .     e - +1 helmet
rElec  .         Dismiss  .     (no cloak)
rCorr  .         Reflect  .     (no gloves)
SustAt .         Harm     .     (no boots)
MR     +....                    (no amulet)
Stlth  ++........               l - ring of poison resistance
                                n - +5 ring of protection

@: about to teleport, somewhat resistant to hostile enchantments, unstealthy
A: magic resistance 1, poison resistance, robust 1
a: no special abilities


You were on level 4 of the Dungeon.
You were hungry.

You visited 1 branch of the dungeon, and saw 4 of its levels.

You collected 200 gold pieces.

Inventory:

Hand Weapons
 a - a +0 falchion (weapon)
Armour
 b - a +0 robe
 e - a +1 helmet (worn)
 h - a +0 ring mail
 k - a +2 robe of positive energy (worn)
 B - a +1 chain mail of cold resistance
Jewellery
 l - a ring of poison resistance (right hand)
 n - a +5 ring of protection (left hand)
 A - an uncursed amulet of rage {unknown}
Wands
 y - a wand of enslavement (13/24)
Scrolls
 d - a scroll of fog {unknown}
 g - 2 scrolls of identify {unknown}
 q - a scroll of immolation
 s - a scroll of enchant armour
 t - a scroll of remove curse {unknown}
 v - a scroll of noise {unknown}
 w - a scroll of blinking {unknown}
Potions
 i - 3 potions of cancellation
 m - 2 potions of curing
 p - 2 potions of flight
 u - 2 potions of lignification
Comestibles
 c - 4 bread rations
 o - a beef jerky


   Skills:
 + Level 3.8 Fighting
 * Level 5.9 Long Blades
 + Level 2.2 Armour
 + Level 5.3 Dodging
 - Level 2.1 Stealth


You had 5 spell levels left.
You didn't know any spells.

Dungeon Overview and Level Annotations

Branches:
Dungeon (4/15)
 Temple: D:4-7

Altars:
Trog


Innate Abilities, Weirdness & Mutations

You are resistant to hostile enchantments. (MR+)
Your system is resistant to poisons. (rPois)
You are robust. (+10% HP)


Message History

The iguana is heavily wounded.
The gnoll hits you from afar with a spear.
You closely miss the iguana.
The iguana is heavily wounded.
The iguana bites you but does no damage.
The gnoll misses you.
You hit the iguana.
The iguana is heavily wounded.
The iguana misses you.
You riposte.
You hit the iguana but do no damage.
The iguana is heavily wounded.
The gnoll hits you from afar with a spear.
You hit the iguana but do no damage.
The iguana is heavily wounded.
The iguana closely misses you.
The gnoll hits you from afar with a spear.
* * * LOW HITPOINT WARNING * * *
Unknown command.
As you read the scroll of teleportation, it crumbles to dust.
You feel strangely unstable. The iguana bites you!
You die...

............. #.[........#
#....g.....# #
#.#....g.....#..##
##.#.......g....!..
##......####g#..... ..).....#
#g# ... ........#
#l###....#.# ...
........####@#........# #..
.............#.#...... #....
.....................##...#.#
#.....##.............##...#.#
#.....##.............##...#.#
#.......................#.#.#
.#....#............#...#...<.
######......................
...............##...#..>..


You could see an iguana and 3 gnolls.

Vanquished Creatures
  Sigmund (D:2)
  The ghost of Gruud the Slasher, an amateur DsGl (D:4)
  Ijyb (D:2)
  Robin (D:2)
  4 adders
  An adder skeleton (D:4)
  A dart slug (D:1)
  A giant gecko (D:2)
  An orc (D:4)
  2 ball pythons
  2 bats (D:2)
  A giant cockroach (D:4)
  14 goblins
  11 hobgoblins
  3 jackals (D:1)
  5 kobolds
  2 quokkas (D:2)
  2 giant newts
  5 rats
59 creatures vanquished.

Vanquished Creatures (others)
  A wizard (D:3)
1 creature vanquished.

Grand Total: 60 creatures vanquished

Notes
Turn   | Place    | Note
-------+----------+-------------------------------------------
     0 | D:1      | sudo the High Elf Monk began the quest for the Orb.
     0 | D:1      | Reached XP level 1. HP: 16/16 MP: 2/2
   351 | D:1      | Reached XP level 2. HP: 21/21 MP: 3/3
  1066 | D:2      | Noticed Ijyb
  1081 | D:2      | Killed Ijyb
  1081 | D:2      | Reached XP level 3. HP: 26/26 MP: 4/4
  1088 | D:2      | Noticed Robin
  1138 | D:2      | Killed Robin
  1139 | D:2      | Reached XP level 4. HP: 16/31 MP: 5/5
  1449 | D:2      | Noticed Sigmund
  1471 | D:2      | Killed Sigmund
  1471 | D:2      | Reached skill level 5 in Long Blades
  1471 | D:2      | Reached skill level 1 in Armour
  1471 | D:2      | Reached XP level 5. HP: 31/37 MP: 6/6
  2121 | D:3      | Reached XP level 6. HP: 37/43 MP: 7/7
  2492 | D:3      | Found a bloodstained altar of Trog.
  2524 | D:3      | Noticed a wizard
  2529 | D:3      | Killed a wizard
  2662 | D:4      | Reached skill level 5 in Dodging
  2708 | D:4      | Noticed Gruud's ghost (amateur DsGl)
  2732 | D:4      | Gained mutation: Your system is resistant to poisons. (rPois) [potion of beneficial mutation]
  2744 | D:4      | Gained mutation: You are robust. (+10% HP) [potion of mutation]
  2753 | D:4      | Killed Gruud's ghost
  3046 | D:4      | Gained mutation: You are resistant to hostile enchantments. (MR+) [potion of beneficial mutation]
  3091 | D:4      | Slain by an iguana

Vault maps used:
D:1:      minmay_arrival_jagged, serial_park_tiny_1
D:2:      roderic_lattice_a, uniq_sigmund, uniq_iyjb, uniq_robin
D:3:      first_bread, trog_wizard

Skill      XL: |  1  2  3  4  5  6 |
---------------+-------------------+-----
Long Blades    | 4 5 |  5.9
Dodging        | 4 5 |  5.3
Armour         | 1 2 |  2.2
Fighting       | |  3.8
Stealth        | |  2.1

Action                   |  1- 3 |  4- 6 || total
-------------------------+-------+-------++-------
Melee: Falchion          |   126 |   171 ||   297
  Use: Potion            |     2 |    10 ||    12
       Scroll            |       |     4 ||     4
 Stab: Sleeping          |     2 |     6 ||     8
  Eat: Chunk             |       |     5 ||     5
       Royal jelly       |       |     1 ||     1
Armor: Ring mail         |    52 |     4 ||    56
       Robe              |       |    27 ||    27
       Skin              |       |    13 ||    13
Dodge: Dodged            |    73 |    93 ||   166
